 Dungeon Crawl Stone Soup version 0.29-a0-284-gf9362112df (webtiles) character file.

Game seed: 5399844507519774452

2 Zonian the Chiller (level 1, 0/9 HPs)
             Began as a Vine Stalker Ice Elementalist on Mar 25, 2022.
             Killed from afar by a dart slug (4 damage)
             ... with a slug dart
             ... on level 1 of the Dungeon.
             The game lasted 00:00:17 (68 turns).

Zonian the Chiller (Vine Stalker Ice Elementalist)    Turns: 68, Time: 00:00:18

Health: 0/9        AC:  2    Str: 10    XL:     1   Next: 40%
Magic:  0/4        EV: 12    Int: 15    God:
Gold:   0          SH:  0    Dex: 14    Spells: 3/4 levels left

rFire   . . .      SeeInvis .   (no weapon)
rCold   . . .      Faith    .   (no shield)
rNeg    . . .      Spirit   +   a - +0 robe
rPois   .          Reflect  .   (no helmet)
rElec   .          Harm     .   (no cloak)
rCorr   .          Rampage  .   (no gloves)
Will    .....                   (no boots)
Stlth   ++........              (no amulet)
HPRegen 0.03/turn               (no ring)
MPRegen 0.09/turn               (no ring)

@: no status effects
A: fangs 2, magic shield, antimagic bite, no potion heal 2
a: no special abilities


You were on level 1 of the Dungeon.
You visited 1 branch of the dungeon, and saw 1 of its levels.

Inventory:

Armour
 a - a +0 robe (worn)
Scrolls
 c - a scroll of enchant armour {unknown}
Potions
 b - a potion of magic


   Skills:
 + Level 1.6 Dodging
 + Level 2.5 Stealth
 + Level 2.2 Spellcasting
 + Level 4.0 Ice Magic


You had 3 spell levels left.
You knew the following spells:

 Your Spells              Type           Power      Damage    Failure   Level
a - Freeze                Ice            52%        1d7       4%          1

Your spell library contained the following spells:

 Spells                   Type           Power      Damage    Failure   Level
 Frozen Ramparts          Ice            26%        1d4       12%         3
 Ozocubu's Armour         Ice            13%        N/A       12%         3
 Hailstorm                Conj/Ice       7%         3d4       67%         4


Dungeon Overview and Level Annotations

Branches:
Dungeon (1/15)

Altars:


Innate Abilities, Weirdness & Mutations

You have extremely sharp teeth.
When hurt, damage is shared between your health and your magic reserves.
Your bite disrupts and absorbs the magic of your enemies.
Potions cannot restore your health.


Message History

Found a dagger.
The helpless dart slug fails to defend itself.
You hit the dart slug.
You bite the dart slug, but do no damage.
The dart slug is moderately wounded.
Unknown command.
You freeze the dart slug.
The dart slug is almost dead.
The dart slug launches a dart at you. The slug dart hits you.
The dart slug misses you.
You freeze the dart slug.
You kill the dart slug!
The dart slug barely misses you.
Unknown command.
You freeze the dart slug.
The dart slug is heavily wounded.
The dart slug misses you.
You are too depleted to draw on your mana recklessly!
Unknown command.
Sorry, you're not good enough to have a special ability.
Unknown command.
The ball python bites you. The ball python closely misses you.
Unknown command.
You hit the ball python.
The ball python is moderately wounded.
The ball python bites you. The ball python closely misses you.
Unknown command.
You hit the dart slug but do no damage.
You bite the dart slug, but do no damage.
The dart slug is heavily wounded.
The ball python barely misses you. The ball python grabs you.
The ball python constricts you. The dart slug launches a dart at you.
The slug dart misses you. The ball python closely misses you.
The ball python constricts you.
You escape the ball python's grasp.
Unknown command.
The dart slug launches a dart at you. The slug dart hits you.
You die...

#######+##....#
..............#
..............# .#
.............# ..#.
.............##....
......†............
..)"...wS.........
..................
##########@..##.#
##..# #####..##.#
.#######.........#
.......'.....>...#
.#######........##
#.'........+
#.#........#
#.#........#


You could see a dart slug and a ball python.

Vanquished Creatures
  A dart slug (D:1)
1 creature vanquished.

Notes
Turn   | Place    | Note
-------+----------+-------------------------------------------
     0 | D:1      | Zonian the Vine Stalker Ice Elementalist began the quest
                  | for the Orb.
     0 | D:1      | Reached XP level 1. HP: 9/9 MP: 4/4
    68 | D:1      | Killed from afar by a dart slug

Illustrated notes

Levels and vault maps discovered:
D:1:      lightli_arrival_flooded_house, layout_basic,
          hellmonk_ecumenical_altar_prayer_group

Action                   || total
-------------------------++-------
Melee: Unarmed           ||     3
       Bite              ||     2
 Cast: Freeze            ||     3
 Stab: Sleeping          ||     1
Dodge: Dodged            ||     8

Table legend: (Time is in decaauts)
 A = Elapsed time spent in this place.
 B = Non-inter-level travel time spent in this place.
 C = Inter-level travel time spent in this place.
 D = Time resting spent in this place.
 E = Time spent auto-exploring this place.
 F = Levels seen in this place.
 G = Mean time per level.
                   A        B        C        D        E       F      G
               +--------+--------+--------+--------+--------+-----+--------+
         Total |     69 |     69 |      0 |      0 |     51 |   1 |   69.0 |
       Dungeon |     69 |     69 |      0 |      0 |     51 |   1 |   69.0 |
               +--------+--------+--------+--------+--------+-----+--------+

Top non-repeatable levels by time:
     D:1: 69 daAuts
